 Dungeon Crawl Stone Soup version 0.30-a0-972-gf3ab3527aa (webtiles) character file.

Game seed: 3713644894218611842

107844 oldriver the Thaumaturge (level 16, -27/122 HPs)
             Began as a Demonspawn Fire Elementalist on Apr 1, 2023.
             Was an Initiate of Gozag.
             Blown up by an orb spider (66 damage)
             ... with an orb of destruction
             ... on level 4 of the Spider Nest.
             The game lasted 01:17:10 (35456 turns).

oldriver the Thaumaturge (DsFE)                    Turns: 35456, Time: 01:17:11

Health: -27/122    AC: 17    Str: 11    XL:     16   Next: 1%
Magic:  17/34      EV: 21    Int: 34    God:    Gozag
Gold:   2528       SH:  5    Dex: 18    Spells: 11/43 levels left

rFire   + . .      SeeInvis .    H - +8 hand axe of Gozag, Forging {drain, rC+ Will+ Dex+3}
rCold   + . .      Faith    .    Y - +0 buckler
rNeg    + . .      Spirit   .    G - +0 acid dragon scales
rPois   +          Reflect  .    g - +2 helmet
rElec   +          Rampage  .    r - +2 ratskin cloak {*Rats rPois rN+ Str-1 Int-1 Dex+1}
rCorr   +                        (gloves unavailable)
Will    ++++.                    U - +0 pair of boots
Stlth   ++                       D - amulet of Ogoid {RegenMP Will++ Str+2 Stlth+}
HPRegen 0.40/turn                p - ring "Paj Yllusa" {rElec rF+ Int+6 Slay+2 Stlth-}
MPRegen 0.64/turn                j - +6 ring of intelligence

@: agile, gold aura, very slightly contaminated, slowed, very slow
A: icy blue scales 1, ignite blood 2, powered by pain 3, demonic touch 3
a: Renounce Religion, Potion Petition, Call Merchant, Bribe Branch


You were on level 4 of the Spider Nest.
You worshipped Gozag.
Gozag was most pleased with you.
You visited 5 branches of the dungeon, and saw 26 of its levels.
You also visited: Bailey and Ice Cave.

You collected 7109 gold pieces.
You spent 2586 gold pieces at shops.
You paid 1995 gold pieces to Gozag.

Inventory:

Hand Weapons
 d - a +2 spectral spear
 H - the +8 hand axe of Gozag, Forging (weapon) {drain, rC+ Will+ Dex+3}
   (You took it off a kobold on level 10 of the Dungeon)

   Dex:       It affects your dexterity (+3).
   rC:        It protects you from cold.
   Will:      It increases your willpower.
Missiles
 n - 65 poisoned darts
Armour
 g - a +2 helmet (worn)
 r - the +2 ratskin cloak (worn) {*Rats rPois rN+ Str-1 Int-1 Dex+1}
   (You found it on level 2 of the Dungeon)

   *Rats:     When the wearer is hurt, rats may emerge from it to assist them.
   Str:       It affects your strength (-1).
   Int:       It affects your intelligence (-1).
   Dex:       It affects your dexterity (+1).
   rPois:     It protects you from poison.
   rN:        It protects you from negative energy.
 z - the +1 Delatra's gloves {ID++}
   (You found it on level 5 of the Dungeon)

   ID++:      It heals its wearer when they drink unknown potions, and restores
   their MP when they read unknown scrolls.
 G - +0 acid dragon scales (worn)
 J - the +5 ring mail "Mazoun" {rElec Slay+3}
   (You bought it in a shop on level 1 of the Orcish Mines)

   Slay:      It affects your accuracy & damage with ranged weapons and melee
   (+3).
   rElec:     It insulates you from electricity.
 U - a +0 pair of boots (worn)
 Y - a +0 buckler (worn)
Magical Staves
 l - the staff of fire "Unisubb" {Fragile rF+ Str+3 Dex+2}
   (You found it on level 10 of the Dungeon)

   [staff of fire]

   Base accuracy: +5 Base damage: 5 Base attack delay: 1.2 This weapon's minimum
   attack delay (0.6) is reached at skill level 12.
   Str:       It affects your strength (+3).
   Dex:       It affects your dexterity (+2).
   rF:        It protects you from fire.
   Fragile:   It will be destroyed if unequipped.
   It falls into the 'Staves' category.
   It is a one-handed weapon.
 V - the staff of cold "Ejof Dun" {rElec rC+}
   (You found it on level 3 of the Spider Nest)

   [staff of cold]

   Base accuracy: +5 Base damage: 5 Base attack delay: 1.2 This weapon's minimum
   attack delay (0.6) is reached at skill level 12.
   rC:        It protects you from cold.
   rElec:     It insulates you from electricity.
   It falls into the 'Staves' category.
   It is a one-handed weapon.
Jewellery
 c - a ring of wizardry
 e - the amulet of the Air {Inacc Air Fly rElec RMsl}
   (You found it in a bailey)

   [amulet of nothing]

   Inacc:     It reduces the accuracy of your attacks and spells.
   Air:       It enhances your air magic.
   rElec:     It insulates you from electricity.
   Fly:       It grants you flight.
   RMsl:      It protects you from missiles.
 j - a +6 ring of intelligence (right hand)
 p - the ring "Paj Yllusa" (left hand) {rElec rF+ Int+6 Slay+2 Stlth-}
   (You bought it in a shop on level 2 of the Orcish Mines)

   [ring of intelligence]

   Int:       It affects your intelligence (+6).
   Slay:      It affects your accuracy & damage with ranged weapons and melee
   (+2).
   rF:        It protects you from fire.
   rElec:     It insulates you from electricity.
   Stlth:     It makes you less stealthy.
 D - the amulet of Ogoid (around neck) {RegenMP Will++ Str+2 Stlth+}
   (You acquired it in a bailey)

   [amulet of magic regeneration]

   It increases your rate of magic regeneration.
   Str:       It affects your strength (+2).
   Will:      It greatly increases your willpower.
   Stlth:     It makes you more stealthy.
 E - a ring of resist corrosion
Wands
 a - a wand of mindburst (17)
 s - a wand of flame (31)
 L - a wand of paralysis (3)
 T - a wand of polymorph (16)
 Z - a wand of quicksilver (11)
Scrolls
 f - 5 scrolls of poison
 i - 3 scrolls of fear
 m - 15 scrolls of teleportation
 v - a scroll of silence
 w - 3 scrolls of amnesia
 y - 4 scrolls of blinking
 A - 9 scrolls of identify
 B - 3 scrolls of fog
 O - 4 scrolls of magic mapping
Potions
 b - 2 potions of magic
 h - 3 potions of berserk rage
 q - 4 potions of mutation
 t - 7 potions of haste
 x - 16 potions of curing
 F - 3 potions of heal wounds
 I - 3 potions of flight
 K - 4 potions of cancellation
 M - 2 potions of invisibility
 N - 2 potions of resistance
 Q - 3 potions of brilliance
Miscellaneous
 k - a condenser vane
 W - a phantom mirror
 X - a tin of tremorstones (2/2)


   Skills:
 - Level 10.0 Fighting
 - Level 6.0 Armour
 - Level 9.2 Dodging
 - Level 4.0 Stealth
 - Level 4.0 Shields
 - Level 14.0 Spellcasting
 - Level 6.0 Conjurations
 - Level 3.0 Summonings
 - Level 11.5 Fire Magic
 - Level 12.0 Air Magic
 * Level 4.7 Poison Magic
 + Level 1.5 Evocations


You had 11 spell levels left.
You knew the following spells:

 Your Spells              Type           Power      Damage    Failure   Level
a - Foxfire               Conj/Fire      100%       2x1d6     1%          1
b - Scorch                Fire           100%       2d10      1%          2
e - Airstrike             Air            40%        2d(6-22)  1%          4
i - Ignite Poison         Fire/Tmut/Pois 57%        N/A       1%          3
j - Arcjolt               Conj/Air       35%        1d45      2%          5
l - Summon Lightning Spi  Summ/Air       65%        N/A       1%          4
o - Olgreb's Toxic Radia  Pois           54%        N/A       4%          4
p - Plasma Beam           Fire/Air       40%        2x1d39    1%          5
w - Flame Wave            Conj/Fire      70%        2d16      1%          4

Your spell library contained the following spells:

 Spells                   Type           Power      Damage    Failure   Level
 Magic Dart               Conj           100%       1d8       1%          1
 Call Imp                 Summ           44%        N/A       1%          2
 Inner Flame              Hex/Fire       58%        N/A       1%          3
 Kindle Blastsparks       Fire/Tloc/Air  100%       2d18      1%          3
 Mephitic Cloud           Conj/Pois/Air  66%        N/A       1%          3
 Vhi's Electric Charge    Tloc/Air       100%       N/A       1%          3
 Apportation              Tloc           46%        N/A       3%          1
 Freeze                   Ice            92%        1d9       3%          1
 Necrotise                Necr           92%        1d8       3%          1
 Hailstorm                Conj/Ice       44%        3d10      3%          3
 Stone Arrow              Conj/Erth      88%        3d12      3%          3
 Freezing Cloud           Conj/Ice/Air   29%        6-21      8%          5
 Frozen Ramparts          Ice            46%        1d7       10%         3
 Ozocubu's Armour         Ice            23%        N/A       10%         3
 Vampiric Draining        Necr           23%        2d7       10%         3
 Fulminant Prism          Conj/Hex       22%        3d12      10%         4
 Iskenderun's Mystic Bla  Conj/Tloc      44%        2d10      10%         4
 Animate Armour           Summ/Erth      68%        N/A       19%         4
 Alistair's Intoxication  Tmut/Pois      26%        N/A       34%         5
 Summon Forest            Summ/Tloc      17%        N/A       45%         5
 Agony                    Necr           23%        N/A       67%         5
 Lee's Rapid Deconstruct  Erth           11%        3d8*      67%         5
 Maxwell's Capacitive Co  Air            40%        ∞         85%         8
 Eringya's Noxious Bog    Tmut/Pois      19%        N/A       89%         6
 Ignition                 Fire           40%        3d12      89%         8
 Ozocubu's Refrigeration  Ice            11%        4d10      100%        7
 Summon Hydra             Summ           22%        N/A       100%        7
 Lehudib's Crystal Spear  Conj/Erth      22%        10d6      100%        8
 Polar Vortex             Ice            11%        N/A       100%        9
 Simulacrum               Ice/Necr       Unusable   N/A       N/A         6

Dungeon Overview and Level Annotations

Branches:
Dungeon (14/15)            Temple (1/1) D:4            Lair (5/5) D:8
 Shoals (0/4) Lair:2       Spider (4/4) Lair:2        Slime (0/5) Lair:5
    Orc (2/2) D:12            Elf (0/3) Orc:2        Bailey (visited)
  IceCv (visited)
 Vaults: D:13-14

Altars:
Ashenzari
Cheibriados
Dithmenos
Fedhas
Gozag
Hepliaklqana
Kikubaaqudgha
Makhleb
Nemelex Xobeh
Okawaru
Qazlal
Ru
Sif Muna
Trog
Uskayaw
Vehumet
Wu Jian
Xom
Yredelemnul
Jiyva

Shops:
D:8 :   D:13 =   Orc:1 **[   Orc:2 =(?:   Spider:3 *

Annotations:
D:4 1 runed translucent door, Firecrotchwizard's ghost, novice DjCj
D:9 1 runed translucent door, Jackthecabe's ghost, novice VSBr
Orc:1 3 runed translucent doors, exclusion: obsidian statue, Nega's ghost, journeyman TeSu


Innate Abilities, Weirdness & Mutations

You are partially covered in icy blue scales. (AC +2)
Your demonic aura often causes spilled blood to erupt in flames.
You are powered by pain.
Your touch may irresistibly damage your foes and sap their willpower.


Message History

You kill the culicivora!
You kill the torpor snail!
The jumping spider is lightly wounded.
The tarantella is moderately wounded.
The jumping spider is no longer distracted by gold.
The jumping spider's many legs skitter faintly.
The jumping spider is heavily wounded.
You kill the redback! x2; You kill the tarantella!
The culicivora's many legs skitter faintly.
You feel yourself speed up.
You hear a faint skittering sound. x2
The jumping spider is distracted by your dazzling golden aura.
The entropy weaver is engulfed in blazing flames.
The entropy weaver hits you.
The entropy weaver completely misses you. x2
You block the entropy weaver's attack.
The orb spider is distracted by your dazzling golden aura.
The jumping spider is distracted by your dazzling golden aura.
The wolf spider is distracted by your dazzling golden aura.
The orb spider weaves a glowing orb of energy.
The entropy weaver is engulfed in blazing flames.
The entropy weaver hits you but does no damage.
The entropy weaver closely misses you.
The entropy weaver hits you but does no damage. x2
The pharaoh ant is distracted by your dazzling golden aura.
The tarantella misses you.
A jumping spider comes into view.
You have reached level 16!
You feel stronger.
Your demonic ancestry asserts itself...
Your hands twist and begin to emit a powerful aura of unholy energy.
The +1 Delatra's gloves {ID++} falls away!
An orb of destruction comes into view.
The tarantella is no longer distracted by gold.
The entropy weaver is engulfed in blazing flames.
You kill the entropy weaver!
The spark wasp stings you!! The spark wasp shocks you. You resist.
The jumping spider is distracted by your dazzling golden aura.
Being near the torpor snail leaves you feeling lethargic.
The orb of destruction hits you!!!
Ouch! That really hurt!
You die...

.......^.......
.............ss
....s..^.......
......☼.....§..
..s.......B.ss.
....^....ss....
..§...$§○○.....
......$@s$s.$.w
......y$○s...$.
........$.s....
.......§.......
.............§.
.............§.
......######...
^....^ ###


You could see a spark wasp, a torpor snail, 3 wolf spiders, 3 orb spiders, a
culicivora, a pharaoh ant (unaware), 3 jumping spiders and 2 tarantellas.

Vanquished Creatures
  Saint Roka (Orc:2)
  Arachne (Spider:1)
  Rupert (Lair:4)
  Mlioglotl (Spider:2)
  Frances (D:13)
  An azure jelly (D:14)
  An emperor scorpion (Spider:2)
  2 quicksilver oozes (IceCv)
  An orc warlord (Bailey)
  2 spark wasps
  4 entropy weavers
  2 catoblepae (Lair:4)
  4 hydras
  Erolcha (Orc:2)
  A rakshasa (D:10)
  An ogre mage (D:10)
  3 radroaches
  3 boulder beetles
  A death scarab (Spider:2)
  2 two-headed ogres
  An orc high priest (Orc:2)
  A skyshark (Lair:5)
  3 pharaoh ants
  6 orb spiders
  4 steelbarb worms
  An orange crystal statue (IceCv)
  7 orc sorcerers (Orc:2)
  2 deep elf pyromancers (D:12)
  13 wolf spiders
  3 ugly things
  4 cyclopes
  3 manticores
  5 elephants
  A moth of wrath (Spider:2)
  2 black mambas
  3 cane toads
  6 demonic crawlers
  7 torpor snails
  A gargoyle (D:12)
  2 unseen horrors
  Maggie (D:8)
  3 komodo dragons
  A rime drake (Lair:3)
  2 freezing wraiths (D:14)
  8 trolls
  6 meliai
  2 polar bears
  9 tarantellas
  8 blink frogs
  A dream sheep (Lair:5)
  5 slime creatures
  16 jumping spiders
  15 culicivoras
  A wraith (D:11)
  15 yaks
  3 wyverns
  2 shadows
  4 basilisks
  37 redbacks
  5 vampire mosquitoes
  Menkaure (D:7)
  2 wargs (Orc:2)
  2 acid dragons
  9 water moccasins
  32 orc warriors
  A black bear (D:4)
  An ice beast (D:7)
  A great orb of eyes simulacrum (IceCv)
  8 wolves (Lair:3)
  9 ogres
  2 phantoms
  4 centaurs
  3 slime creature simulacra (IceCv)
  4 kobold brigands
  Blork the orc (D:5)
  A small abomination (Lair:4)
  7 bullfrogs
  4 gnoll sergeants
  2 scorpions
  4 glowing shapeshifter simulacra (IceCv)
  13 wights
  11 killer bees
  3 electric eels (D:14)
  5 howler monkeys
  5 hounds
  14 orc priests
  2 jellies
  A gnoll bouda (D:9)
  2 iguanas (D:5)
  2 sleepcaps (D:6)
  25 orc wizards
  17 gnolls
  9 adders
  7 river rats
  A shadow imp (D:6)
  2 white imps
  2 worms
  2 dart slugs
  80 orcs
  2 bat zombies (D:3)
  4 endoplasms
  3 giant cockroaches
  10 goblins
  12 hobgoblins
  3 jackals (D:3)
  2 quokkas
  5 ball pythons
  2 bats
  2 frilled lizards (D:1)
  23 kobolds
  3 rats
  3 rat zombies (D:3)
628 creatures vanquished.

Vanquished Creatures (collateral kills)
  2 azure jellies (IceCv)
  2 quicksilver oozes (IceCv)
  An entropy weaver (Spider:2)
  A centaur warrior (D:14)
  2 two-headed ogres
  A tengu warrior (D:10)
  An orc high priest (Orc:1)
  A sun moth (Spider:1)
  2 orc knights
  3 steelbarb worms
  4 ugly things (D:14)
  3 orc sorcerers (Orc:2)
  2 elephants (Lair:4)
  A black mamba (Lair:4)
  2 torpor snails
  An efreet (D:14)
  2 tarantellas
  3 slime creatures (IceCv)
  3 dream sheep
  A culicivora (Spider:2)
  2 jumping spiders
  7 yaks
  A redback (Spider:2)
  4 vampire mosquitoes
  An acid dragon (D:11)
  2 water moccasins
  7 orc warriors
  A great orb of eyes simulacrum (IceCv)
  4 ogres
  A slime creature simulacrum (IceCv)
  A kobold brigand (D:10)
  A glowing shapeshifter simulacrum (IceCv)
  2 howler monkeys
  5 orc priests
  5 orc wizards
  2 hell rats
  A river rat (Lair:5)
  An ufetubus (D:4)
  17 orcs
  A goblin (Bailey)
  8 kobolds
  7 foxfires (D:2)
119 creatures vanquished.

Vanquished Creatures (others)
  1532 foxfires
  12 fungi
  61 plants
1605 creatures vanquished.

Grand Total: 2352 creatures vanquished

Notes
Turn   | Place    | Note
-------+----------+-------------------------------------------
     0 | D:1      | oldriver the Demonspawn Fire Elementalist began the quest
                  | for the Orb.
     0 | D:1      | Reached XP level 1. HP: 13/13 MP: 3/3
   464 | D:1      | Gained mutation: You sometimes gain a little power by
                  | taking damage. [demonic ancestry]
   464 | D:1      | Reached XP level 2. HP: 19/19 MP: 0/5
   632 | D:1      | Learned a level 2 spell: Scorch
  1151 | D:1      | Found a faded altar of an unknown god.
  1426 | D:2      | Gained mutation: You sometimes gain power by taking damage.
                  | [demonic ancestry]
  1426 | D:2      | Reached XP level 3. HP: 24/24 MP: 2/6
  2143 | D:2      | Gained mutation: Your touch may inflict minor irresistible
                  | damage on your foes. [demonic ancestry]
  2143 | D:2      | Reached XP level 4. HP: 30/30 MP: 2/7
  2289 | D:2      | Found the +2 ratskin cloak {*Rats rPois rN+ Str-1 Int-1
                  | Dex+1}
  2942 | D:3      | Reached skill level 1 in Fighting
  2942 | D:3      | Reached skill level 1 in Armour
  2942 | D:3      | Reached skill level 3 in Spellcasting
  3031 | D:3      | Reached XP level 5. HP: 37/37 MP: 0/10
  3804 | D:3      | Found an ancient bone altar of Kikubaaqudgha.
  4117 | D:4      | Found a runed translucent door.
  4118 | D:4      | Noticed Firecrotchwizard's ghost (novice DjCj)
  4541 | D:4      | Found an iron altar of Okawaru.
  4556 | D:4      | Reached skill level 4 in Spellcasting
  4636 | D:4      | Found a staircase to the Ecumenical Temple.
  4683 | D:4      | Reached XP level 6. HP: 34/43 MP: 4/12
  4822 | Temple   | Entered the Ecumenical Temple
  5358 | D:4      | Found a shadowy altar of Dithmenos.
  5761 | D:5      | Entered Level 5 of the Dungeon
  5856 | D:5      | Reached skill level 5 in Spellcasting
  5856 | D:5      | Reached skill level 5 in Fire Magic
  5856 | D:5      | Gained mutation: Your demonic aura sometimes causes spilled
                  | blood to erupt in flames. [demonic ancestry]
  5856 | D:5      | Reached XP level 7. HP: 48/50 MP: 7/14
  5989 | D:5      | Noticed Blork the orc
  5996 | D:5      | Killed Blork the orc
  6368 | D:5      | Reached skill level 6 in Spellcasting
  6463 | D:5      | Learned a level 3 spell: Inner Flame
  6467 | D:5      | Learned a level 3 spell: Kindle Blastsparks
  6472 | D:5      | Learned a level 4 spell: Flame Wave
  6610 | D:5      | Found a snail-covered altar of Cheibriados.
  6639 | D:5      | Gained mutation: You are partially covered in icy blue
                  | scales. (AC +2) [demonic ancestry]
  6639 | D:5      | Reached XP level 8. HP: 57/57 MP: 10/17
  6860 | D:5      | Found the +1 Delatra's gloves {ID++}
  6926 | D:5      | Found a stormy altar of Qazlal.
  6988 | D:5      | Found a shimmering altar of Xom.
  6989 | D:5      | Found a shimmering altar of Xom.
  8027 | D:6      | Reached skill level 7 in Spellcasting
  8542 | D:6      | Reached skill level 8 in Spellcasting
  8933 | D:6      | Gained mutation: Your demonic aura often causes spilled
                  | blood to erupt in flames. [demonic ancestry]
  8933 | D:6      | Reached XP level 9. HP: 63/65 MP: 11/21
  8975 | D:7      | Reached skill level 9 in Spellcasting
  9084 | D:7      | Noticed Menkaure
  9094 | D:7      | Killed Menkaure
  9280 | D:6      | Reached skill level 10 in Spellcasting
  9580 | D:7      | Found a bloodstained altar of Trog.
 10287 | D:8      | Found a staircase to the Lair.
 10326 | D:8      | Gained mutation: Your touch may inflict irresistible damage
                  | on your foes. [demonic ancestry]
 10326 | D:8      | Reached XP level 10. HP: 73/73 MP: 18/24
 10599 | D:8      | Noticed Maggie
 10606 | D:8      | Killed Maggie
 10819 | D:8      | Reached skill level 5 in Fighting
 11378 | D:8      | Found Ijyperhe's Book Boutique.
 11383 | D:8      | Bought a book of Storms for 448 gold pieces
 11840 | D:9      | Noticed Jackthecabe's ghost (novice VSBr)
 11848 | D:9      | Reached skill level 1 in Air Magic
 11978 | D:9      | Found a flagged portal.
 12002 | Bailey   | Entered a bailey
 12170 | Bailey   | Noticed an orc warlord
 12170 | Bailey   | Found the amulet of the Air {Inacc Air Fly rElec RMsl}
 12641 | Bailey   | Found a runed translucent gate.
 12642 | Bailey   | Found a runed translucent gate.
 12643 | Bailey   | Found a runed translucent gate.
 12790 | Bailey   | Acquired the amulet of Ogoid {RegenMP Will++ Str+2 Stlth+}
 12803 | Bailey   | Learned a level 4 spell: Airstrike
 12809 | Bailey   | Learned a level 5 spell: Plasma Beam
 12814 | Bailey   | Learned a level 4 spell: Summon Lightning Spire
 12869 | Bailey   | Killed an orc warlord
 12891 | Bailey   | Identified the staff of earth "Achapry" {Fragile rF++
                  | Dex+2}
 12918 | Bailey   | Acquired 841 gold pieces
 12958 | D:9      | Found a runed translucent door.
 12998 | D:9      | Found an opulent altar of Gozag.
 13005 | D:9      | Found an ornate altar of the Wu Jian Council.
 13007 | D:9      | Became a worshipper of Gozag Ym Sagoz the Greedy
 13010 | D:9      | Found a shimmering blue altar of Sif Muna.
 13013 | D:9      | Found a blossoming altar of Fedhas.
 13018 | D:9      | Found a basalt altar of Yredelemnul.
 13674 | Lair:1   | Entered Level 1 of the Lair of Beasts
 13734 | Lair:1   | Gained mutation: You are powered by pain. [demonic
                  | ancestry]
 13734 | Lair:1   | Reached XP level 11. HP: 81/81 MP: 22/25
 14563 | Lair:2   | Found a staircase to the Shoals.
 14715 | Lair:2   | Found a hole to the Spider Nest.
 14715 | Lair:2   | Noticed an orb spider
 14737 | Lair:2   | Killed an orb spider
 14799 | Lair:2   | Reached skill level 5 in Dodging
 14840 | Lair:2   | Reached skill level 5 in Air Magic
 15000 | Lair:2   | Reached skill level 11 in Spellcasting
 15035 | Lair:2   | Reached skill level 1 in Summonings
 15210 | Lair:2   | Found a snail-covered altar of Cheibriados.
 15999 | Lair:3   | Noticed a six-headed hydra
 16024 | Lair:3   | Noticed a wolf spider
 16051 | Lair:3   | Killed a six-headed hydra
 16238 | Lair:3   | Noticed a six-headed hydra
 16244 | Lair:3   | Killed a six-headed hydra
 16389 | Lair:3   | Reached XP level 12. HP: 88/88 MP: 17/27
 17128 | Lair:4   | Noticed Rupert
 17137 | Lair:4   | Killed Rupert
 17501 | Lair:4   | Noticed a catoblepas
 17524 | Lair:4   | Killed a catoblepas
 18186 | Lair:5   | Entered Level 5 of the Lair of Beasts
 18214 | Lair:5   | Reached skill level 10 in Air Magic
 18901 | Lair:4   | Noticed a catoblepas
 18939 | Lair:4   | Killed a catoblepas
 18940 | Lair:4   | Reached skill level 12 in Spellcasting
 19085 | Lair:5   | Found a staircase to the Slime Pits.
 19086 | Lair:5   | Found a viscous altar of Jiyva.
 19538 | D:10     | Entered Level 10 of the Dungeon
 19553 | D:10     | Noticed a two-headed ogre
 19560 | D:10     | Killed a two-headed ogre
 19642 | D:10     | Identified the +8 hand axe of Gozag, Forging {drain, rC+
                  | Will+ Dex+3}
 20230 | D:10     | Noticed a rakshasa
 20446 | D:10     | Reached XP level 13. HP: 93/93 MP: 19/29
 21898 | D:10     | Identified the +5 morningstar of Hacking and Slashing
                  | {protect, rF- rC+ Dex+3}
 21900 | D:10     | Identified the ring "Amuriamm" {rElec rF+ Will+}
 22102 | D:10     | Found a hide-covered altar of Uskayaw.
 22249 | D:10     | Identified the ring of the Middle {+Blink rPois Will+ Dex+5
                  | Stlth-}
 22253 | D:10     | Identified the staff of fire "Unisubb" {Fragile rF+ Str+3
                  | Dex+2}
 22766 | D:10     | Learned a level 5 spell: Arcjolt
 24079 | D:12     | Identified the +2 leather armour of Charred Mirth {Int+3}
 24708 | D:12     | Found a staircase to the Orcish Mines.
 24713 | D:12     | Reached skill level 5 in Conjurations
 24827 | Orc:1    | Entered Level 1 of the Orcish Mines
 25252 | Orc:1    | Found a runed translucent gate.
 25252 | Orc:1    | Found a runed translucent gate.
 25252 | Orc:1    | Found a runed translucent gate.
 25253 | Orc:1    | Found an opulent altar of Gozag.
 25254 | Orc:1    | Found Lom Jiog's Assorted Antiques.
 25254 | Orc:1    | Found Fastrelir's Assorted Antiques.
 25255 | Orc:1    | Noticed Nega's ghost (journeyman TeSu)
 25372 | Orc:2    | Entered Level 2 of the Orcish Mines
 25676 | Orc:2    | Found a staircase to the Elven Halls.
 25875 | Orc:2    | Noticed Saint Roka
 25887 | Orc:2    | Killed Saint Roka
 25888 | Orc:2    | Reached XP level 14. HP: 59/104 MP: 10/30
 26686 | Orc:2    | Found an ancient bone altar of Kikubaaqudgha.
 26737 | Orc:2    | Found Setobak's Antique Weapon Boutique.
 26748 | Orc:2    | Found a radiant altar of Vehumet.
 26748 | Orc:2    | Noticed Erolcha
 26750 | Orc:2    | Killed Erolcha
 26827 | Orc:2    | Found Arregg's Book Boutique.
 26877 | Orc:2    | Reached skill level 10 in Fire Magic
 26982 | Orc:2    | Found Ucear's Magic Scroll Shop.
 26987 | Orc:2    | Found Rumil's Jewellery Shop.
 26995 | Orc:2    | Bought the ring "Paj Yllusa" {rElec rF+ Int+6 Slay+2
                  | Stlth-} for 640 gold pieces
 27192 | Orc:2    | Bought a scroll of teleportation for 39 gold pieces
 27192 | Orc:2    | Bought a scroll of teleportation for 39 gold pieces
 27308 | Orc:1    | Reached skill level 13 in Spellcasting
 27734 | Orc:1    | Bought a pair of transparent gloves for 361 gold pieces
 27734 | Orc:1    | Identified the -1 pair of gloves of Raint {Slay+5} (You
                  | bought it in a shop on level 1 of the Orcish Mines)
 27734 | Orc:1    | Bought a bloodstained ring mail for 342 gold pieces
 27734 | Orc:1    | Identified the +5 ring mail "Mazoun" {rElec Slay+3} (You
                  | bought it in a shop on level 1 of the Orcish Mines)
 27734 | Orc:1    | Bought a warped ring mail for 342 gold pieces
 27734 | Orc:1    | Identified the +5 ring mail of Magic {rF+ Regen+ Int-5}
                  | (You bought it in a shop on level 1 of the Orcish Mines)
 28211 | D:13     | Noticed Frances
 28221 | D:13     | Killed Frances
 28222 | D:13     | Reached skill level 1 in Shields
 28402 | D:13     | Found Zieneus's One-of-a-Kind Rings.
 28464 | D:13     | Identified the +10 arbalest of Ancient Evil {drain, rPois
                  | rF+ Will-}
 28864 | D:13     | Identified the +9 war axe "Zefyenee" {distort, +Blink Str-5
                  | Int+5 SInv}
 29038 | D:14     | Noticed an azure jelly
 29042 | D:14     | Killed an azure jelly
 29083 | D:14     | Found a frozen archway.
 29103 | IceCv    | Entered an ice cave
 29289 | IceCv    | Noticed a quicksilver ooze
 29298 | IceCv    | Killed a quicksilver ooze
 29392 | IceCv    | Noticed a quicksilver ooze
 29397 | IceCv    | Killed a quicksilver ooze
 29448 | IceCv    | Noticed a quicksilver ooze
 29628 | IceCv    | Noticed a quicksilver ooze
 29633 | IceCv    | Killed a quicksilver ooze
 29813 | IceCv    | Noticed an azure jelly
 29818 | IceCv    | Killed an azure jelly
 30076 | IceCv    | Noticed a quicksilver ooze
 30139 | IceCv    | Noticed a quicksilver ooze
 30146 | IceCv    | Killed a quicksilver ooze
 30147 | IceCv    | Noticed an azure jelly
 30154 | IceCv    | Killed an azure jelly
 30308 | IceCv    | Noticed an azure jelly
 30310 | IceCv    | Noticed a quicksilver ooze
 30583 | D:14     | Reached skill level 5 in Armour
 31221 | Spider:1 | Entered Level 1 of the Spider Nest
 31589 | Spider:1 | Reached XP level 15. HP: 113/113 MP: 6/32
 32525 | Spider:2 | Noticed an emperor scorpion
 32528 | Spider:2 | Noticed Arachne
 32529 | Spider:2 | Killed an emperor scorpion
 32929 | Spider:1 | Killed Arachne
 33396 | Spider:2 | Noticed Mlioglotl
 33421 | Spider:2 | Noticed a lich
 33717 | Spider:2 | Killed Mlioglotl
 34410 | Spider:2 | Acquired the Unrestrained Analects
 34417 | Spider:2 | Learned a level 4 spell: Olgreb's Toxic Radiance
 34444 | Spider:3 | Reached skill level 10 in Fighting
 34444 | Spider:3 | Reached skill level 1 in Poison Magic
 34846 | Spider:3 | Reached skill level 14 in Spellcasting
 34904 | Spider:3 | Identified the staff of cold "Ejof Dun" {rElec rC+}
 35434 | Spider:3 | Bought a potion of heal wounds for 125 gold pieces
 35434 | Spider:3 | Bought 2 potions of curing for 150 gold pieces
 35434 | Spider:3 | Bought a potion of brilliance for 100 gold pieces
 35445 | Spider:3 | Learned a level 3 spell: Ignite Poison
 35449 | Spider:4 | Entered Level 4 of the Spider Nest
 35455 | Spider:4 | Reached skill level 1 in Evocations
 35456 | Spider:4 | Gained mutation: Your touch may irresistibly damage your
                  | foes and sap their willpower. [demonic ancestry]
 35456 | Spider:4 | Reached XP level 16. HP: 62/122 MP: 17/34
 35456 | Spider:4 | Blown up by an orb spider

Illustrated notes

Levels and vault maps discovered:
D:1:      elethiomel_arrival_infinity_welcomes_careful_drivers, layout_basic,
          shapermc_ecumenical_altar_totnotflames
D:2:      layout_basic, serial_bayou, serial_bayou_ford_a, serial_bayou_lake_a,
          serial_bayou_shore_a, serial_bayou_shore_b, glass_columns_a,
          minmay_ruptured
D:3:      layout_basic, lemuel_zombie_altar_kikubaaqudgha
D:4:      black_bear_nest_2, layout_basic, okawaru_ov_weapons_minmay,
          grunt_dithmenos_smoke, minmay_temple_entry_steel_oval,
          ebering_ghost_reflecting_pool
D:5:      minmay_recursive_quarters, layout_basic, kennysheep_little_box,
          nicolae_qazlal_scattered_showers, xom_redecorated,
          chequers_serial_rivers_micro_b, uniq_blork_the_orc
D:6:      layout_rooms
D:7:      layout_rooms, mainiacjoe_overflow_cross_hatched, serial_park_tiny_1,
          minivault_27, hangedman_decor_clover_reticule,
          chequers_serial_rivers_marsh, uniq_menkaure
D:8:      layout_gridville, dpeg_oklobed_lair, special_room [special_room_orc],
          serial_shops, shop, st_stairs_12, uniq_maggie
D:9:      layout_roguey, nicolae_overflow_hallway_of_the_gods, enter_bailey_5,
          hellmonk_ghost_happy_afterlife
D:10:     minmay_the_grid_octo_tiled_octocenter [minmay_the_grid_octo_odd_swirl,
          minmay_the_grid_octo_teeth, minmay_the_grid_octo_concentric,
          minmay_the_grid_octo_checkerflower,
          minmay_the_grid_octo_prize_single_spiral,
          minmay_the_grid_square_5x5_percent,
          minmay_the_grid_square_5x5_doubleslash,
          minmay_the_grid_square_5x5_gyroscope,
          minmay_the_grid_square_5x5_fancy_junction], layout_irregular_city,
          eat_drink_and_be_merry_uskayaw, serial_column_ruins,
          column_ruins_courtyard_long, column_ruins_square_large,
          column_ruins_corridor_straight, column_ruins_grid_1,
          column_ruins_grid_1, column_ruins_columns_corner, column_ruins_grid_3,
          nicolae_figureground_sparkle
D:11:     layout_basic
D:12:     layout_rooms, kennysheep_orc_monster_closet_entryway,
          minmay_misc_feat_tiny
D:13:     layout_loops_corners, roderic_roman_lattice,
          nicolae_shop_unique_rings, minivault_10, minmay_misc_feat_chi,
          uniq_frances
D:14:     layout_rooms, david_vaults_1, serial_bayou_lagoon_a,
          portal_ice_cave_entry_frozen_things, minmay_orc_keep
Temple:   hellmonk_temple_flake
Lair:1:   layout_regular_city, serial_bayou_shore_b, grunt_megastairs_3,
          lemuel_fruit_tree
Lair:2:   layout_cave_pods, shoals_dummy_entry,
          nicolae_spider_entry_orb_guardian, kennysheep_snail_temple
Lair:3:   layout_regular_city, nicolae_lair_run_with_the_wolves,
          grunt_megastairs_5, serial_bayou_shore_b, infiniplex_staircase_pool_2
Lair:4:   layout_gridlike, hibernation_bobbens, uniq_rupert
Lair:5:   hellmonk_lair_end_abyssal_woods, layout_regular_city, slime_entry_1,
          grunt_forest_stairs_basic, kennysheep_rathole, grunt_megastairs_2
Spider:1: layout_cave_pods, hangedman_spider_tarantella_strand
Spider:2: layout_spider_delve, uniq_mlioglotl, uniq_arachne
Spider:3: layout_spider_delve
Spider:4: spider_rune_water, guppyfry_hornet_nest
Orc:1:    layout_diamond_mine, ebering_ghost_gozag, david_defended_altar_orc
Orc:2:    kennysheep_orc_mage_school, layout_caves, basic_altar,
          nicolae_orc_pool_cavern, uniq_saint_roka

Skill      XL: |  1  2  3  4  5  6  7  8  9 10 11 12 13 14 15 |
---------------+----------------------------------------------+-----
Fire Magic     | 3 4 5 6 7 8 9 10 11 | 11.5
Dodging        | 2 4 5 6 8 9 |  9.2
Stealth        | 2 3 4 |  4.0
Fighting       | 1 2 4 5 6 7 9 10 | 10.0
Armour         | 1 2 3 4 5 6 |  6.0
Spellcasting   | 3 4 5 6 8 10 11 12 13 14 | 14.0
Conjurations   | 2 4 5 6 |  6.0
Air Magic      | 3 8 10 11 12 | 12.0
Summonings     | 3 |  3.0
Shields        | 3 4 |  4.0
Poison Magic   | 4 |  4.7
Evocations     | 1 |  1.5

Action                     |  1- 3 |  4- 6 |  7- 9 | 10-12 | 13-15 | 16-18 || total
---------------------------+-------+-------+-------+-------+-------+-------++-------
  Melee: Unarmed           |     5 |     1 |       |       |       |       ||     6
         Spear             |       |       |    10 |    40 |       |       ||    50
         Touch             |       |       |     3 |    10 |     4 |       ||    17
         Punch             |       |       |       |     1 |       |       ||     1
         Hand axe          |       |       |       |       |    67 |       ||    67
  Throw: Dart              |       |     1 |       |     7 |       |       ||     8
   Cast: Foxfire           |   117 |   166 |   239 |   386 |    29 |       ||   937
         Scorch            |       |    12 |    52 |   100 |       |       ||   164
         Flame Wave        |       |       |     2 |     3 |     1 |       ||     6
         Plasma Beam       |       |       |       |    94 |   425 |       ||   519
         Summon Lightning  |       |       |       |    30 |   121 |       ||   151
         Airstrike         |       |       |       |     1 |    15 |       ||    16
         Arcjolt           |       |       |       |       |    54 |       ||    54
         Olgreb's Toxic Ra |       |       |       |       |     9 |       ||     9
 Invoke: Call Merchant     |       |       |       |       |     2 |       ||     2
         Potion Petition   |       |       |       |       |     1 |       ||     1
  Evoke: Wand              |       |       |       |     8 |       |       ||     8
         Tin of tremorston |       |       |       |       |     1 |       ||     1
         Condenser vane    |       |       |       |       |     1 |       ||     1
    Use: Scroll            |       |    11 |       |    18 |    10 |       ||    39
         Potion            |       |       |       |     4 |     1 |       ||     5
   Stab: Distracted        |       |       |       |       |     3 |       ||     3
 Armour: Robe              |     5 |    10 |    21 |       |       |       ||    36
         Acid dragon scale |       |       |       |   120 |   184 |       ||   304
  Dodge: Dodged            |    10 |    18 |    29 |   161 |   251 |       ||   469
  Block: Buckler           |       |       |       |       |    51 |       ||    51

Table legend: (Time is in decaauts)
 A = Elapsed time spent in this place.
 B = Non-inter-level travel time spent in this place.
 C = Inter-level travel time spent in this place.
 D = Time resting spent in this place.
 E = Time spent auto-exploring this place.
 F = Levels seen in this place.
 G = Mean time per level.
                   A        B        C        D        E       F      G
               +--------+--------+--------+--------+--------+-----+--------+
         Total |  35615 |  33481 |   2134 |   5890 |  21977 |  28 | 1272.0 |
       Dungeon |  20155 |  18927 |   1228 |   2540 |  13450 |  14 | 1439.6 |
        Temple |    154 |    154 |      0 |      0 |    134 |   1 |  154.0 |
          Lair |   6338 |   5857 |    481 |   1075 |   3967 |   5 | 1267.6 |
   Spider Nest |   3796 |   3552 |    244 |   1205 |   1721 |   4 |  949.0 |
  Orcish Mines |   2843 |   2664 |    179 |     99 |   1974 |   2 | 1421.5 |
        Bailey |    914 |    914 |      0 |    321 |    301 |   1 |  914.0 |
      Ice Cave |   1412 |   1412 |      0 |    650 |    429 |   1 | 1412.0 |
               +--------+--------+--------+--------+--------+-----+--------+

Top non-repeatable levels by time:
    D:10: 2487 daAuts
  Lair:4: 2209 daAuts
Spider:1: 2089 daAuts
   Orc:2: 1938 daAuts
     D:9: 1838 daAuts
  Lair:2: 1806 daAuts
     D:3: 1771 daAuts
     D:5: 1677 daAuts
     D:8: 1672 daAuts
     D:4: 1625 daAuts
     D:1: 1453 daAuts
   IceCv: 1412 daAuts
    D:13: 1398 daAuts
  Lair:3: 1245 daAuts
     D:2: 1244 daAuts
